 Dungeon Crawl Stone Soup version 0.24-b1 (webtiles) character file.

Game seed: 3589109429145028773, levelgen mode: deterministic

233 Masnef the Ducker (level 5, -5/23 HPs)
             Began as a Felid Wizard on Oct 12, 2019.
             Killed from afar by an orc wizard (8 damage)
             ... with a magic dart
             ... on level 4 of the Dungeon.
             The game lasted 00:30:20 (9198 turns).

Masnef the Ducker (Felid Wizard)                    Turns: 9198, Time: 00:30:20

Health: -5/23      AC:  4    Str:  3    XL:     5   Next: 74%
Magic:  2/12       EV: 19    Int: 22    God:
Gold:   94         SH:  0    Dex: 14    Spells: 1/12 levels left
                                        Lives:  0   Deaths: 1

rFire    . . .     SeeInvis +     - Unarmed
rCold    . . .     Gourm    .   (shield unavailable)
rNeg     . . .     Faith    .   (armour unavailable)
rPois    .         Spirit   .   (helmet unavailable)
rElec    .         Reflect  .   (cloak unavailable)
rCorr    +         Harm     .   (gloves unavailable)
MR       .....     Rnd*Tele +   (boots unavailable)
Stlth    ++........             (no amulet)
HPRegen  0.07/turn              k - ring of teleportation (curse)
MPRegen  0.13/turn              a - ring of resist corrosion

@: confused, very slightly contaminated, quick
A: very small, no armour, no weapons or thrown items, stealth, claws 1, fangs 3,
thin metallic scales 1, see invisible, carnivore, speed 1, robust 1, shaggy fur
2, slow metabolism 1, sharp paws
a: no special abilities


You were on level 4 of the Dungeon.
You were not hungry.

You visited 1 branch of the dungeon, and saw 4 of its levels.

You collected 94 gold pieces.

Inventory:

Missiles
 h - 46 arrows
Jewellery
 a - a ring of resist corrosion (right paw)
 k - a cursed ring of teleportation (left paw)
Scrolls
 e - a scroll of amnesia
 g - a scroll of identify
Comestibles
 b - 4 rations


   Skills:
 + Level 0.1 Fighting
 + Level 4.1 Dodging
 + Level 4.0 Stealth
 + Level 3.5 Unarmed Combat
 - Level 4.0 Spellcasting
 * Level 1.4 Conjurations
 * Level 2.4 Summonings
 - Level 1.5 Translocations
 * Level 1.0 Air Magic


You had one spell level left.
You knew the following spells:

 Your Spells              Type           Power        Failure   Level  Hunger
a - Magic Dart            Conj           ##..         6%          1    None
b - Blink                 Tloc           N/A          9%          2    #......
c - Call Imp              Summ           ###.....     6%          2    #......
d - Conjure Flame         Conj/Fire      #.......     26%         3    ###....
e - Mephitic Cloud        Conj/Pois/Air  #.......     24%         3    ###....

Your spell library contained the following spells:

 Spells                   Type           Power        Failure   Level  Hunger
 Summon Small Mammal      Summ           ###.         4%          1    None
 Call Canine Familiar     Summ           ###.....     12%         3    ###....
 Slow                     Hex            #.......     17%         2    #......
 Summon Guardian Golem    Hex/Summ       #.......     21%         3    ###....
 Summon Lightning Spire   Summ/Air       ##......     50%         4    ####...
 Summon Ice Beast         Ice/Summ       #.......     56%         4    ####...


Dungeon Overview and Level Annotations

Branches:
Dungeon (4/15)
 Temple: D:4-7

Altars:
Trog

Annotations:
D:3 Grinder


Innate Abilities, Weirdness & Mutations

You cannot wear armour.
You are incapable of wielding weapons or throwing items.
Your paws allow you to move quietly. (Stealth)
You have sharp claws.
You have razor-sharp teeth.
You have supernaturally acute eyesight. (SInv)
You are carnivorous and can eat meat at any time.
You cover ground quickly.
You are covered in thick fur. (AC +2)
You have a slow metabolism.
Your sharp claws are effective at attacking unaware monsters.
You are partially covered in thin metallic scales. (AC +2)
You are robust. (+10% HP)


Message History

You closely miss the orc wizard.
The orc wizard is almost dead.
The orc wizard barely misses you.
You barely miss the orc wizard.
The orc wizard is almost dead.
The orc wizard hits you with a +0 dagger.
* * * LOW HITPOINT WARNING * * *
You scratch the orc wizard.
The orc wizard is almost dead.
The orc wizard hits you but does no damage.
You closely miss the orc wizard.
The orc wizard is almost dead.
The orc wizard barely misses you.
You barely miss the orc wizard. Your bite misses the orc wizard.
The orc wizard is almost dead.
The orc wizard gestures at you while chanting.
You are confused.
The orc wizard casts a spell at you. The magic dart hits you!
You die...

##############
##...#..##.#..#######
#...................#
#........)).@.......#
#...........).......#
#..........%.o......#
####[###...########..##
#..#.######## ..#
#...........# ....
#........)..# .o..
##...##.....# .....
######.....#


You could see an orc wizard (invisible).

Vanquished Creatures
  A scorpion (D:2)
  An orc priest (D:3)
  An orc wizard (D:2)
  Natasha (D:3)
  A howler monkey skeleton (D:4)
  3 adders (D:2)
  2 gnolls (D:4)
  An adder skeleton (D:4)
  A worm (D:4)
  2 dart slugs (D:1)
  2 leopard geckos
  9 orcs
  2 ball pythons (D:1)
  10 bats
  4 giant cockroaches
  7 goblins
  9 hobgoblins
  7 jackals (D:2)
  2 quokkas (D:2)
  3 frilled lizards
  7 kobolds
  A leopard gecko skeleton (D:4)
  A quokka skeleton (D:4)
  5 rats
83 creatures vanquished.

Vanquished Creatures (collateral kills)
  An orc priest (D:4)
  An orc wizard (D:4)
  Natasha (twice) (D:2)
  A worker ant (D:4)
  A gnoll (D:4)
  An adder (D:2)
  5 orcs
  A kobold (D:2)
13 creatures vanquished.

Grand Total: 96 creatures vanquished

Notes
Turn   | Place    | Note
-------+----------+-------------------------------------------
     0 | D:1      | Masnef the Felid Wizard began the quest for the Orb.
     0 | D:1      | Reached XP level 1. HP: 7/7 MP: 5/5
   515 | D:1      | Reached skill level 1 in Unarmed Combat
   583 | D:1      | Reached XP level 2. HP: 5/11 MP: 4/7
  1436 | D:1      | Learned a level 2 spell: Blink
  1439 | D:1      | Learned a level 2 spell: Call Imp
  1633 | D:1      | Reached XP level 3. HP: 7/14 MP: 0/8
  1641 | D:1      | Learned a level 3 spell: Conjure Flame
  2156 | D:2      | You fall into a shaft and drop 2 floors!
  2284 | D:3      | Noticed Natasha
  2296 | D:3      | Noticed Grinder
  3275 | D:2      | Reached XP level 4. HP: 18/18 MP: 1/9
  3525 | D:2      | Reached skill level 1 in Conjurations
  4121 | D:3      | Reached XP level 5. HP: 21/21 MP: 6/11
  5331 | D:2      | Learned a level 3 spell: Mephitic Cloud
  5499 | D:3      | Lost strength.
  5503 | D:3      | Gained mutation: Your magical capacity is low. (-10% MP)
                  | [potion of mutation]
  5503 | D:3      | Gained mutation: You are agile. (Dex +2) [potion of
                  | mutation]
  5503 | D:3      | Gained mutation: You are very agile. (Dex +4) [potion of
                  | mutation]
  5509 | D:3      | Killed Natasha
  5579 | D:2      | Lost strength.
  5660 | D:2      | Lost mutation: Your magical capacity is low. (-10% MP)
                  | [potion of mutation]
  5660 | D:2      | Lost mutation: You are very agile. (Dex +4) [potion of
                  | mutation]
  5660 | D:2      | Lost mutation: You are agile. (Dex +2) [potion of mutation]
  5660 | D:2      | Gained mutation: You are robust. (+10% HP) [potion of
                  | mutation]
  5660 | D:2      | Gained mutation: You are partially covered in thin metallic
                  | scales. (AC +2) [potion of mutation]
  5797 | D:3      | Noticed Natasha
  5809 | D:2      | Killed Natasha
  6478 | D:2      | Noticed Natasha
  6491 | D:2      | Killed Natasha
  6491 | D:2      | Gained mutation: You are covered in thick fur. (AC +2)
                  | [Felid growth]
  6491 | D:2      | Reached XP level 6. HP: 21/26 MP: 4/12
  8355 | D:3      | Killed from afar by an orc wizard
  8356 | D:3      | Reached XP level 5. HP: -4/23 MP: 11/11
  8560 | D:3      | Found a bloodstained altar of Trog.
  8565 | D:3      | Noticed a wizard
  9159 | D:4      | Reached skill level 1 in Air Magic
  9198 | D:4      | Killed from afar by an orc wizard

Skill      XL: |  1  2  3  4  5 |
---------------+----------------+-----
Unarmed Combat | 1 2 3 |  3.5
Stealth        | 3 4 |  4.0
Conjurations   | 1 |  1.4
Dodging        | 3 4 |  4.1
Summonings     | 2 |  2.4
Spellcasting   | 4 |  4.0
Air Magic      | 1 |  1.0
Fighting       | |  0.1
Translocations | |  1.5

Action                   |  1- 3 |  4- 6 || total
-------------------------+-------+-------++-------
Melee: Unarmed           |    75 |   192 ||   267
       Bite              |     6 |    11 ||    17
       Punch             |     2 |     3 ||     5
 Cast: Magic Dart        |    73 |    68 ||   141
       Call Imp          |     3 |    42 ||    45
       Blink             |     1 |     9 ||    10
       Conjure Flame     |     1 |     2 ||     3
       Mephitic Cloud    |       |     2 ||     2
  Use: Scroll            |     2 |     3 ||     5
       Potion            |       |     8 ||     8
 Stab: Sleeping          |    10 |     9 ||    19
       Distracted        |       |     2 ||     2
  Eat: Chunk             |    12 |     8 ||    20
Armor: Skin              |     7 |    91 ||    98
Dodge: Dodged            |    90 |   248 ||   338
